 Dungeon Crawl Stone Soup version 0.31-a0-237-g2d982f9f85 (webtiles) character file.

Game seed: 8937398355090608652

119 qw the Shooter (level 4, -10/36 HPs)
             Began as a Minotaur Hexslinger on July 11, 2023.
             Mangled by an orc warrior
             ... wielding a +0 long sword
              (19 damage)
             ... on level 3 of the Dungeon.
             The game lasted 00:00:52 (2333 turns).

qw the Shooter (Minotaur Hexslinger)                Turns: 2333, Time: 00:00:52

Health: -10/36     AC:  3    Str: 13    XL:     4   Next: 74%
Magic:  4/4        EV: 12    Int: 10    God:
Gold:   174        SH:  0    Dex: 14    Spells: 4/5 levels left

rFire   . . .        Y - +1 sling
rCold   . . .        (no shield)
rNeg    . . .        c - +0 robe
rPois   .            (helmet restricted)
rElec   .            (no cloak)
rCorr   .            e - +0 pair of gloves
SInv    +            (no boots)
Will    .....        d - amulet of the acrobat
Stlth   +            g - ring of see invisible
HPRegen 0.26/turn    (no ring)
MPRegen 0.09/turn

%: acrobat
@: no status effects
A: horns 2, retaliatory headbutt
a: no special abilities


You were on level 3 of the Dungeon.
You visited 1 branch of the dungeon, and saw 4 of its levels.

You collected 174 gold pieces.


Innate Abilities, Weirdness & Mutations

You have a pair of horns on your head.
You reflexively headbutt those who attack you in melee.


   Skills:
 + Level 2.2 Fighting
 - Level 5.2 Ranged Weapons
 - Level 2.1 Dodging
 - Level 1.0 Spellcasting
 - Level 2.0 Hexes


You had 4 spell levels left.
You knew the following spells:

 Your Spells              Type           Power      Damage    Failure   Level
a - Slow                  Hex            16%        N/A       16%         1

Your spell library contained the following spells:

 Spells                   Type           Power      Damage    Failure   Level
 Inner Flame              Hex/Fire       2%         N/A       56%         3
 Portal Projectile        Hex/Tloc       4%         N/A       56%         3
 Cause Fear               Hex            2%         N/A       83%         4

Inventory:

Hand Weapons
 Y - a +1 sling (weapon)
Armour
 c - a +0 robe (worn)
 e - a +0 pair of gloves (worn)
Jewellery
 d - an amulet of the acrobat (around neck)
 g - a ring of see invisible (left hand)
Scrolls
 b - a scroll of identify
Potions
 f - a potion of resistance
 i - 3 potions of curing
 j - a potion of mutation {unknown}
 k - a potion of degeneration {unknown}

Dungeon Overview and Level Annotations

Branches:
Dungeon (4/15)
 Temple: D:4-7

Altars:

Annotations:
D:3 3 runed translucent doors, qw's ghost, weakling MiHs


Message History

The orc hits you from afar with a +0 trident.
You climb upwards.
Level annotation: 3 runed translucent doors, qw's ghost, weakling MiHs
There is a stone staircase leading down here.
Enter note:
Enter note:
Enter note:
Enter note:
Enter note:
Enter note:
Enter note:
Enter note:
Enter note:
Enter note:
Enter note:
Enter note: You shoot a sling bullet.
The sling bullet hits the orc warrior but does no damage.
The orc hits you with a +0 dagger.
The orc warrior hits you with a +0 long sword!
2329 ||| DRINKING potion of heal wounds.
You feel much better. The orc hits you with a +0 dagger.
The orc warrior barely misses you.
You shoot a sling bullet.
The sling bullet hits the orc warrior but does no damage.
The orc misses you. The orc warrior barely misses you.
You shoot a sling bullet.
The sling bullet hits the orc warrior but does no damage.
The orc barely misses you.
The orc warrior hits you with a +0 long sword!
You shoot a sling bullet.
The sling bullet closely misses the orc warrior.
The orc hits you with a +0 dagger. The orc warrior barely misses you.
You furiously retaliate!
You headbutt the orc warrior. You shoot a sling bullet.
The sling bullet hits the orc warrior.
The orc warrior is lightly wounded.
The orc hits you but does no damage.
The orc warrior hits you with a +0 long sword!!
Ouch! That really hurt!
You die...

............####.#..........###
............# #.###.#......#
............# #.# #.#......#
............# #.# #........#
..........#.# #.###........#
............# #.##.........#
........##..# #.........####
.........#..####..#......#
.........##.....@o#......#
...).....######.o.#...####
.......<.# #...##### ...#.....#
#...# ..##.....######...#
.........#........#
.........#........#
.<...#####........# .....#
#...>.#.##


You could see an orc warrior and an orc.

Vanquished Creatures
  Terence (D:3)
  2 adders (D:2)
  2 worms (D:3)
  An orc (D:3)
  7 ball pythons
  9 bats
  8 endoplasms
  5 giant cockroaches
  5 goblins
  4 hobgoblins
  4 jackals (D:1)
  2 quokkas
  6 frilled lizards
  6 kobolds
  6 rats
68 creatures vanquished.

Notes
Turn   | Place    | Note
-------+----------+-------------------------------------------
     0 | D:1      | qw the Minotaur Hexslinger began the quest for the Orb.
     0 | D:1      | Reached XP level 1. HP: 16/16 MP: 1/1
     0 | D:1      | 0 ||| qw: Version: 0.3-a-52-g30416fa
     0 | D:1      | 0 ||| qw: Game counter: 5685
     0 | D:1      | 0 ||| qw: Melee chars always use a shield: true
     0 | D:1      | 0 ||| qw: God list: Okawaru
     0 | D:1      | 0 ||| qw: Allow faded altars: false
     0 | D:1      | 0 ||| qw: Do Orc after clearing Dungeon:15 true
     0 | D:1      | 0 ||| qw: Do second Lair branch before Depths: true
     0 | D:1      | 0 ||| qw: Lair rune preference: random
     0 | D:1      | 0 ||| qw: Goals: Normal
     0 | D:1      | 0 ||| PLANNING D:1-11
    54 | D:1      | Found a faded altar of an unknown god.
   124 | D:1      | Reached skill level 3 in Ranged Weapons
   124 | D:1      | Reached XP level 2. HP: 23/23 MP: 2/2
   507 | D:1      | You fall into a shaft and drop 1 floor!
   519 | D:2      | Reached XP level 3. HP: 20/29 MP: 3/3
   632 | D:2      | Reached skill level 4 in Ranged Weapons
   804 | D:2      | 804 ||| UPGRADING to amulet of the acrobat.
   809 | D:2      | 809 ||| READING scroll labelled INUT UDUGHUN.
   810 | D:2      | 810 ||| READING 3 scrolls labelled CIUTICEBLU.
   811 | D:2      | 811 ||| READING scroll labelled VIRGHIA ZUPI.
   812 | D:2      | 812 ||| READING scroll labelled CECOMA TAIMM.
   813 | D:2      | 813 ||| DRINKING 2 green potions.
   814 | D:2      | 814 ||| DROPPING scroll of poison.
   815 | D:2      | 815 ||| DROPPING 2 scrolls of vulnerability.
  1113 | D:2      | Reached XP level 4. HP: 36/36 MP: 4/4
  1573 | D:2      | 1573 ||| UPGRADING to +0 pair of gloves.
  1578 | D:2      | 1578 ||| READING scroll labelled LOECZAN XUPU.
  1579 | D:2      | 1579 ||| READING 2 scrolls of identify.
  1579 | D:2      | 1579 ||| IDENTIFYING red potion
  1733 | D:3      | Noticed Terence
  1744 | D:3      | Killed Terence
  1745 | D:3      | Reached skill level 5 in Ranged Weapons
  2012 | D:3      | Found a runed translucent gate.
  2013 | D:3      | Found a runed translucent gate.
  2014 | D:3      | Found a runed translucent gate.
  2015 | D:3      | Noticed qw's ghost (weakling MiHs)
  2016 | D:3      | Identified the +1 short sword "Minotaur's Foe" {freeze,
                  | Str+6 Stlth+}
  2016 | D:3      | Identified the +1 ring mail of Seorch {SInv}
  2251 | D:3      | 2251 ||| UPGRADING to ring of see invisible.
  2252 | D:3      | 2252 ||| READING scroll labelled CUSHRETIGAL.
  2253 | D:3      | 2253 ||| READING 3 scrolls of identify.
  2253 | D:3      | 2253 ||| IDENTIFYING glowing amethyst potion
  2254 | D:3      | 2254 ||| READING 2 scrolls of identify.
  2254 | D:3      | 2254 ||| IDENTIFYING murky cyan potion
  2255 | D:3      | 2255 ||| DROPPING potion of ambrosia.
  2324 | D:4      | Noticed an orc warrior
  2326 | D:4      | 2326 ||| STAIRDANCE
  2328 | D:3      | HP: 6/36 [orc warrior/+0 long sword (11)]
  2329 | D:3      | 2329 ||| DRINKING potion of heal wounds.
  2333 | D:3      | Mangled by an orc warrior

Levels and vault maps discovered:
D:1:      minmay_arrival_wavy_path, layout_basic,
          shapermc_ecumenical_altar_totnotflames
D:2:      minmay_recursive_quarters, layout_rooms, serial_aquarium,
          aquarium_bridge_square [aquarium_subvault_bridge,
          aquarium_subvault_bridge, aquarium_subvault_wall,
          aquarium_subvault_bridge], aquarium_bridge_square
          [aquarium_subvault_wall, aquarium_subvault_window,
          aquarium_subvault_bridge, aquarium_subvault_bridge],
          aquarium_window_1, aquarium_window_1, aquarium_window_fake,
          aquarium_view_2b, aquarium_balcony_3a, aquarium_pool_2,
          minmay_hexomino_f4
D:3:      layout_basic, biasface_ghost_orc_armoury, uniq_terence
D:4:      layout_loops_ring, minmay_mini_jars

Skill      XL: |  1  2  3  4 |
---------------+-------------+-----
Ranged Weapons | 3 4 5 |  5.2
Fighting       | 2 |  2.2
Dodging        | |  2.1
Spellcasting   | |  1.0
Hexes          | |  2.0

Action                     |  1- 3 |  4- 6 || total
---------------------------+-------+-------++-------
   Fire: Sling             |   113 |    76 ||   189
    Use: Scroll            |     4 |     5 ||     9
         Potion            |     1 |     1 ||     2
 Armour: Robe              |    10 |     4 ||    14
  Dodge: Dodged            |    31 |    18 ||    49

Table legend:
 A = Non-vault XP
 B = Vault XP
 C = Vault XP percentage of total XP
 D = Non-vault monster count
 E = Vault monster count
 F = Vault count percentage of total count
                 A         B        C        D         E       F
            +---------+---------+-------+---------+---------+-------
      Total |     120 |      51 |  29.8 |      62 |       6 |   8.8
            +---------+---------+-------+---------+---------+-------
        D:1 |      42 |       0 |   0.0 |      27 |       0 |   0.0
        D:2 |      47 |      19 |  28.8 |      20 |       5 |  20.0
        D:3 |      31 |      32 |  50.8 |      15 |       1 |   6.2
            +---------+---------+-------+---------+---------+-------
